 Dungeon Crawl Stone Soup version 0.28.0-53-g5a82cb258f (webtiles) character file.

Game seed: 15576626154197689891

277 SanguineChosen the Covered (level 6, -23/38 HPs)
             Began as a Gargoyle Fighter on July 1, 2022.
             Annihilated by an ogre
             ... wielding a +0 giant club
              (24 damage)
             ... on level 4 of the Dungeon.
             The game lasted 00:06:25 (3095 turns).

SanguineChosen the Covered (Gargoyle Fighter)       Turns: 3095, Time: 00:06:25

Health: -23/38     AC: 11    Str: 21    XL:     6   Next: 25%
Magic:  6/6        EV:  9    Int:  9    God:
Gold:   158        SH:  4    Dex:  9    Spells: 5/5 levels left

rFire   + . .      SeeInvis .   a - +0 flail
rCold   + . .      Faith    .   c - +0 buckler
rNeg    + . .      Spirit   .   b - +0 scale mail
rPois   ∞          Reflect  .   (helmet restricted)
rElec   +          Harm     .   (no cloak)
rCorr   +          Rampage  .   (no gloves)
Will    .....                   (no boots)
Stlth   ..........              (no amulet)
HPRegen 0.00/turn               (no ring)
MPRegen 0.10/turn               (no ring)

@: resistant, inhibited regen
A: sickness immunity, AC +4, negative energy resistance 1, electricity
resistance, torment resistance 1, petrification resistance, horns 1,
deterioration 1, inhibited regeneration
a: no special abilities


You were on level 4 of the Dungeon.
You visited 1 branch of the dungeon, and saw 4 of its levels.

You collected 158 gold pieces.

Inventory:

Hand Weapons
 a - a +0 flail (weapon)
Missiles
 m - 6 atropa-tipped darts (quivered)
Armour
 b - a +0 scale mail (worn)
 c - a +0 buckler (worn)
Wands
 i - a wand of iceblast (11)
Scrolls
 d - a scroll of vulnerability {unknown}
 j - a scroll of identify {unknown}
 k - a scroll of immolation {unknown}
 n - a scroll of amnesia {unknown}
 o - a scroll of enchant weapon {unknown}
Potions
 e - a potion of haste {unknown}
 f - 2 potions of resistance
 g - a potion of curing {unknown}
 l - a potion of ambrosia {unknown}


   Skills:
 + Level 4.1 Fighting
 + Level 4.3 Maces & Flails
 + Level 4.8 Armour
 + Level 1.0 Dodging
 + Level 0.4 Stealth
 + Level 3.7 Shields


You had 5 spell levels left.
You didn't know any spells.
Your spell library contained the following spells:

 Spells                   Type           Power      Damage    Failure   Level
 Freeze                   Ice            0%         1d3       80%         1
 Frozen Ramparts          Ice            0%         1d2       99%         3
 Hailstorm                Conj/Ice       0%         3d3       100%        4


Dungeon Overview and Level Annotations

Branches:
Dungeon (4/15)
 Temple: D:4-7

Altars:
Okawaru


Innate Abilities, Weirdness & Mutations

You are immune to sickness and miasma.
Your stone body is resilient. (AC +4)
You are immune to poison.
You resist negative energy. (rN+)
You are resistant to electric shocks. (rElec)
You are resistant to unholy torment.
You are immune to petrification.
You have a pair of small horns on your head.
Your body sometimes deteriorates upon taking damage.
You do not regenerate when monsters are visible.


Message History

You sock the hound skeleton!
You destroy the hound skeleton!
No target in view!
There is an open door here.
You open the large door.
An ogre comes into view. It is wielding a +0 giant club.
The ogre shouts!
Found 6 large rocks.
A phantom comes into view.
There is a large open door here.
Found 6 javelins.
The ogre hits you with a +0 giant club!
There is a large open door here.
You hit the ogre.
The ogre is lightly wounded.
Something unseen opens the large door.
You block the ogre's attack.
You thump the ogre!
The ogre is moderately wounded.
The ogre hits you with a +0 giant club!
You are too injured to fight recklessly!
You are too injured to fight recklessly!
There is a large open door here.
You hit the ogre.
The ogre is heavily wounded.
A kobold comes into view. It is wielding a +0 whip.
The ogre hits you with a +0 giant club!
* * * LOW HITPOINT WARNING * * *
Aiming: Iceblast
Press: ? - help, Q - select action, (/) - cycle Shift-Dir - straight line, f - phantom
Aim: a phantom That beam is likely to hit you.
Continue anyway?
Okay, then.
It was a potion of mutation.
You feel extremely strange.
Your regeneration stops near monsters.
A pair of horns grows on your head!
You feel yourself wasting away.
The kobold shouts!
It was a potion of resistance.
You feel protected.
The ogre hits you with a +0 giant club!!
Ouch! That really hurt!
You die...

#.#.#
###########.#.##########
........................
.....######.......######
.....######.......#
..........'.......#
..........#.......#
..........#.......#
..####@###.......######
#O# #.......##....
#.....W.##.......##.###
#................##.#
#...................###
#.(....................
#K...............#.....
''.................<....
.......(.########.####..


You could see a phantom, an ogre and a kobold.

Vanquished Creatures
  Grinder (D:3)
  A hound skeleton (D:4)
  An ufetubus (D:3)
  2 dart slugs
  2 ball pythons
  3 bats (D:3)
  4 endoplasms
  6 giant cockroaches
  6 goblins
  6 hobgoblins (D:1)
  3 quokkas
  2 frilled lizards
  6 kobolds
  2 rats
45 creatures vanquished.

Notes
Turn   | Place    | Note
-------+----------+-------------------------------------------
     0 | D:1      | SanguineChosen the Gargoyle Fighter began the quest for the
                  | Orb.
     0 | D:1      | Reached XP level 1. HP: 14/14 MP: 1/1
   304 | D:1      | Reached XP level 2. HP: 14/19 MP: 2/2
   534 | D:1      | Found a faded altar of an unknown god.
  1194 | D:2      | Reached XP level 3. HP: 20/24 MP: 3/3
  1207 | D:2      | You fall into a shaft and drop 1 floor!
  1318 | D:3      | Noticed Grinder
  1338 | D:3      | Paralysed by Grinder for 3 turns
  1357 | D:3      | Killed Grinder
  1358 | D:3      | Reached XP level 4. HP: 12/29 MP: 4/4
  1358 | D:3      | Reached XP level 5. HP: 14/33 MP: 5/5
  1358 | D:3      | Reached XP level 6. HP: 16/38 MP: 6/6
  1576 | D:3      | Reached skill level 1 in Dodging
  1874 | D:2      | Found an iron altar of Okawaru.
  3093 | D:4      | HP: 1/38 [ogre/+0 giant club (17)]
  3094 | D:4      | Gained mutation: You do not regenerate when monsters are
                  | visible. [potion of mutation]
  3094 | D:4      | Gained mutation: You have a pair of small horns on your
                  | head. [potion of mutation]
  3094 | D:4      | Gained mutation: Your body sometimes deteriorates upon
                  | taking damage. [potion of mutation]
  3095 | D:4      | Annihilated by an ogre

Illustrated notes

Levels and vault maps discovered:
D:1:      beargit_arrival_greenhouse, layout_loops_ring, basic_ecumenical_altar
D:2:      layout_loops_ring, basic_altar, grunt_decor_cap
D:3:      layout_loops_ring, nicolae_figureground_sparkle, uniq_grinder
D:4:      layout_basic, serial_shops, nicolae_shop_statue_plus,
          minmay_misc_feat_encased

Skill      XL: |  1  2  3  4  5  6 |
---------------+-------------------+-----
Fighting       | 4 |  4.1
Maces & Flails | 4 |  4.3
Armour         | 4 |  4.8
Dodging        | 1 |  1.0
Stealth        | |  0.4
Shields        | |  3.7

Action                   |  1- 3 |  4- 6 || total
-------------------------+-------+-------++-------
Melee: Flail             |    91 |    82 ||   173
  Use: Potion            |     1 |     2 ||     3
Armor: Scale mail        |    50 |    49 ||    99
Dodge: Dodged            |    47 |    69 ||   116
Block: Buckler           |    15 |    19 ||    34
